 Dungeon Crawl Stone Soup version 0.31.0-32-g396128a36d (webtiles) character file.

Game seed: 8509720230580334397

214 PaiMei the Grave Robber (level 5, -1/38 HPs)
             Began as a Demonspawn Necromancer on Apr 11, 2024.
             Incinerated by a bombardier beetle (4 damage)
             ... with a burning spray
             ... on level 4 of the Dungeon.
             The game lasted 00:04:28 (3700 turns).

PaiMei the Grave Robber (Demonspawn Necromancer)    Turns: 3700, Time: 00:04:29

Health: -1/38      AC:  2    Str:  9    XL:     5   Next: 59%
Magic:  3/9        EV: 17    Int: 17    God:
Gold:   174        SH:  0    Dex: 13    Spells: 6/10 levels left

rFire   . . .        g - +0 dagger (venom)
rCold   . . .        (no shield)
rNeg    . . .        a - +0 robe
rPois   .            (helmet restricted)
rElec   .            u - scarf {shadows}
rCorr   .            (no gloves)
SInv    .            (no boots)
Will    .....        (no amulet)
Stlth   +            q - +5 ring of evasion
HPRegen 0.26/turn    (no ring)
MPRegen 0.11/turn

%: no passive effects
@: on fire, glowing
A: horns 1, weakness stinger 1
a: no special abilities


You were on level 4 of the Dungeon.
You visited 1 branch of the dungeon, and saw 4 of its levels.

You collected 174 gold pieces.

Inventory:

Hand Weapons
 g - a +0 dagger of venom (weapon)
 r - a +0 falchion of electrocution
Missiles
 j - 2 curare-tipped darts (quivered)
 s - 10 poisoned darts
Armour
 a - a +0 robe (worn)
 u - a scarf of shadows (worn)
Jewellery
 q - a +5 ring of evasion (left hand)
 v - a ring of see invisible
Scrolls
 c - a scroll of acquirement {unknown}
 d - a scroll of silence {unknown}
 e - a scroll of teleportation {unknown}
 h - 2 scrolls of enchant armour {unknown}
 i - 2 scrolls of blinking {unknown}
 k - 2 scrolls of identify {unknown}
 l - a scroll of immolation {unknown}
 m - a scroll of enchant weapon {unknown}
 t - a scroll of fog {unknown}
Potions
 b - a potion of magic
 f - 2 potions of resistance {unknown}
 n - a potion of curing {unknown}
 o - a potion of mutation {unknown}
 p - a potion of berserk rage {unknown}


   Skills:
 + Level 2.2 Fighting
 + Level 3.0 Dodging
 - Level 2.0 Stealth
 + Level 3.1 Spellcasting
 + Level 5.4 Necromancy


You had 6 spell levels left.
You knew the following spells:

 Your Spells              Type           Power      Damage    Failure   Level
a - Necrotise             Necr           84%        1d8       1%          1
b - Vampiric Draining     Necr           21%        2d7       5%          3

Your spell library contained the following spells:

 Spells                   Type           Power      Damage    Failure   Level
 Freeze                   Ice            8%         1d3       17%         1
 Animate Dead             Necr           21%        N/A       19%         4
 Call Canine Familiar     Summ           2%         N/A       45%         3
 Frozen Ramparts          Ice            4%         1d1       45%         3
 Hailstorm                Conj/Ice       2%         3d5       45%         3
 Sigil of Binding         Hex            2%         N/A       45%         3
 Curse of Agony           Necr           21%        N/A       45%         5
 Dimensional Bullseye     Hex/Tloc       1%         N/A       86%         4
 Chain Lightning          Conj/Air       1%         3d1       100%        9
 Fire Storm               Conj/Fire      1%         7d1       100%        9
 Shatter                  Erth           1%         3d5*      100%        9


Dungeon Overview and Level Annotations

Branches:
Dungeon (4/15)
 Temple: D:4-7

Altars:
Ashenzari
Dithmenos
Fedhas
Gozag
Uskayaw
Wu Jian

Shops:
D:4 =


Innate Abilities, Weirdness & Mutations

You have a pair of small horns on your head.
You have a small tail.


Message History

You kill the orc!
A puff of flame appears from out of thin air!
The puff of flame hits you.
A bombardier beetle comes into view.
You hear some strange, mumbled words.
You are confused.
Things that are here:
a +0 hand axe; an orc corpse You bump into the rock wall.
The bombardier beetle sprays incendiary fluid at you.
The burning spray hits you.
You are covered in liquid fire!
You bump into the rock wall.
The liquid fire burns you! Something hits you but does no damage.
You hit something but do no damage. The liquid fire burns you!
Reactivating autopickup.
You feel a bit more experienced.
You bump into the rock wall.
The liquid fire burns you!
The bombardier beetle bites you but does no damage.
You bump into the rock wall.
The liquid fire burns you!
You bump into the rock wall.
The liquid fire burns you!
* * * LOW HITPOINT WARNING * * *
The bombardier beetle bites you.
* * * LOW HITPOINT WARNING * * *
You hit the bombardier beetle but do no damage.
The bombardier beetle is poisoned.
The liquid fire burns you!
* * * LOW HITPOINT WARNING * * *
You feel less confused.
You hit the bombardier beetle but do no damage.
The bombardier beetle looks as sick as possible!
You headbutt the bombardier beetle.
You tail-slap the bombardier beetle, but do no damage.
The bombardier beetle is moderately wounded.
The liquid fire burns you!
You die...

### ##.## ##..>##
..... ... #B# #@#
#.######## #
#.##.....#########
#.##<.............
#.........########
####.....##
#.....## ###....##
###.....#######


You could see a bombardier beetle (extremely poisoned).

Vanquished Creatures
  A scorpion (D:4)
  A hound (D:4)
  An orc wizard (D:4)
  4 adders
  2 ribbon worms (D:2)
  3 orcs
  6 ball pythons
  3 endoplasms
  5 giant cockroaches
  6 goblins
  5 hobgoblins
  3 jackals (D:4)
  2 quokkas
  3 frilled lizards (D:1)
  9 kobolds
  5 rats
59 creatures vanquished.

Vanquished Creatures (collateral kills)
  An endoplasm (D:1)
  A giant cockroach (D:2)
2 creatures vanquished.

Grand Total: 61 creatures vanquished

Notes
Turn   | Place    | Note
-------+----------+-------------------------------------------
     0 | D:1      | PaiMei the Demonspawn Necromancer began the quest for the
                  | Orb.
     0 | D:1      | Reached XP level 1. HP: 13/13 MP: 3/3
   369 | D:1      | Discovered your monstrous ancestry.
   369 | D:1      | Gained mutation: You have a small tail. [demonic ancestry]
   369 | D:1      | Reached XP level 2. HP: 19/19 MP: 1/5
   985 | D:2      | Gained mutation: You have a pair of small horns on your
                  | head. [demonic ancestry]
   985 | D:2      | Reached XP level 3. HP: 25/25 MP: 0/6
   989 | D:2      | Learned a level 3 spell: Vampiric Draining
  1301 | D:2      | Reached skill level 1 in Fighting
  2216 | D:3      | Found a broken altar of Ashenzari.
  2218 | D:3      | Found a blossoming altar of Fedhas.
  2434 | D:3      | Found a hide-covered altar of Uskayaw.
  2437 | D:3      | Found a shadowy altar of Dithmenos.
  2764 | D:3      | Found an opulent altar of Gozag.
  2764 | D:3      | Found an ornate altar of the Wu Jian Council.
  2891 | D:4      | Found Bujal's Jewellery Emporium.
  2894 | D:4      | Reached XP level 4. HP: 32/32 MP: 4/7
  3106 | D:4      | Reached skill level 5 in Necromancy
  3537 | D:4      | Noticed a scorpion
  3545 | D:4      | Killed a scorpion
  3546 | D:4      | Reached XP level 5. HP: 23/38 MP: 1/9
  3700 | D:4      | Incinerated by a bombardier beetle

Illustrated notes

Levels and vault maps discovered:
D:1:      orjb1_lava_funnel, layout_rooms, chequers_garden, kennysheep_boxes
D:2:      layout_basic, kennysheep_nondescript
D:3:      layout_loops_corners, nicolae_overflow_hidden_temple,
          gammafunk_temple_overflow_elements
D:4:      layout_loops_ring, serial_shops, shop

Skill      XL: |  1  2  3  4 |
---------------+-------------+-----
Stealth        | 2 |  2.0
Dodging        | 2 3 |  3.0
Fighting       | 1 2 |  2.2
Necromancy     | 5 |  5.4
Spellcasting   | 3 |  3.1

Action                     |  1- 3 |  4- 6 || total
---------------------------+-------+-------++-------
  Melee: Unarmed           |     2 |       ||     2
         Dagger            |    25 |    29 ||    54
         Headbutt          |     5 |     4 ||     9
         Tailslap          |     1 |     4 ||     5
   Cast: Necrotise         |    67 |    29 ||    96
         Vampiric Draining |       |     2 ||     2
 Armour: Robe              |    17 |    18 ||    35
  Dodge: Dodged            |    25 |    36 ||    61
